 Dungeon Crawl Stone Soup version 0.24-a0-416-g56ce5178b7 (webtiles) character file.

Game seed: 7108123482274974861

74 MachJacob the Chucker (level 4, -3/44 HPs)
             Began as an Ogre Arcane Marksman on June 9, 2019.
             Slain by Robin
             ... wielding a +0 mace
              (7 damage)
             ... on level 2 of the Dungeon.
             The game lasted 00:10:52 (3184 turns).

MachJacob the Chucker (Ogre Arcane Marksman)        Turns: 3184, Time: 00:10:53

Health: -3/44      AC:  3    Str: 14    XL:     4   Next: 30%
Magic:  7/7        EV: 10    Int: 14    God:
Gold:   101        SH:  0    Dex: 10    Spells: 4/7 levels left

rFire    . . .     SeeInvis .   b - +0 dagger
rCold    . . .     Gourm    .   (no shield)
rNeg     . . .     Faith    .   a - +0 robe
rPois    .         Spirit   .   (helmet restricted)
rElec    .         Reflect  .   (no cloak)
rCorr    .         Harm     .   (gloves unavailable)
MR       .....                  (boots unavailable)
Stlth    +.........             (no amulet)
HPRegen  0.14/turn              (no ring)
MPRegen  0.10/turn              (no ring)

@: no status effects
A: large, unfitting armour, tough skin 1
a: no special abilities


You were on level 2 of the Dungeon.
You were hungry.

You visited 1 branch of the dungeon, and saw 2 of its levels.

You collected 101 gold pieces.

Inventory:

Hand Weapons
 b - a +0 dagger (weapon)
 e - a +0 club
Missiles
 c - 2 large rocks (quivered)
 d - 2 throwing nets {!f}
 g - 38 stones
Armour
 a - a +0 robe (worn)
Jewellery
 m - an uncursed amulet of magic regeneration {unknown}
 o - an uncursed ring of protection from cold {unknown}
 q - an uncursed amulet of the acrobat {unknown}
Scrolls
 h - a scroll of teleportation {unknown}
 k - 2 scrolls of identify {unknown}
 s - a scroll of remove curse {unknown}
Potions
 i - 2 potions of flight {unknown}
 j - a potion of cancellation {unknown}
 l - 2 potions of heal wounds {unknown}
 p - a potion of mutation {unknown}
 r - a potion of degeneration {unknown}
Comestibles
 f - 3 rations


   Skills:
 + Level 2.7 Fighting
 * Level 3.3 Throwing
 - Level 1.7 Dodging
 - Level 2.0 Spellcasting
 - Level 3.0 Hexes


You had 4 spell levels left.
You knew the following spells:

 Your Spells              Type           Power        Failure   Level  Hunger
a - Corona                Hex            #......      7%          1    ##.....
b - Slow                  Hex            #.......     11%         2    ###....

Your spell library contained the following spells:

 Spells                   Type           Power        Failure   Level  Hunger
 Inner Flame              Hex/Fire       #.......     36%         3    ####...
 Portal Projectile        Hex/Tloc       #.....       36%         3    ####...
 Cause Fear               Hex            #.........   56%         4    #####..
 Leda's Liquefaction      Hex/Erth       #.........   77%         4    #####..


Dungeon Overview and Level Annotations

Branches:
Dungeon (2/15)

Altars:
Dithmenos

Annotations:
D:2 Robin


Innate Abilities, Weirdness & Mutations

You are too large for most types of armour.
You have tough skin. (AC +1)


Message History

Here: Robin, wielding a +0 mace, wearing a +0 animal skin and wearing a +0 helmet (heavily wounded)
The floor.
Quiver which item? (- for none, * to show all) (? for menu, Esc to quit)
Quivering
c - 4 large rocks for throwing.
Throwing (i - inventory. (/) - cycle)
c - 4 large rocks (quivered)
Press: ? - help, Shift-Dir - straight line, f - Robin
Aim: Robin, wielding a +0 mace, wearing a +0 animal skin and wearing a +0 helmet (heavily wounded)
You throw a large rock. The large rock barely misses Robin.
Robin hits you with a +0 mace.
* * * LOW HITPOINT WARNING * * *
Throwing (i - inventory. (/) - cycle)
c - 3 large rocks (quivered)
Press: ? - help, Shift-Dir - straight line, f/p - Robin
Aim: Robin, wielding a +0 mace, wearing a +0 animal skin and wearing a +0 helmet (heavily wounded)
You throw a large rock. The large rock hits Robin.
Robin is heavily wounded.
Robin closely misses you. Robin hits you with a +0 mace!
* * * LOW HITPOINT WARNING * * *
There is an open door here.
Robin hits you with a +0 mace!
You die...

##########..# #.....#
.....<...#..#############..#.#
....####.#.................#.#
##...#
#.#.######################
#...#
#.#.......##..............
#...#
#.#.#####.##..#...#...#...
#...# #.###
##.##_............. #...# #.#
#...#..#...#...#... #...# #.#
#.@.#...........^.. ##'## #.#
###.g)############### #†#
#.####.'...'..# #.# #.#
#....#.#...##.# #.# #.#
####.#.#...##.# #.#
#.#######.#.######.# #.#
#.........#g# #.# #.#
###########.# #.# #.# #g#
#.###.#


You could see Robin.

Vanquished Creatures
  An adder (D:2)
  A dart slug (D:2)
  2 leopard geckos (D:2)
  A ball python (D:2)
  8 bats (D:1 D:2)
  3 giant cockroaches (D:1 D:2)
  10 goblins (D:1 D:2)
  9 hobgoblins (D:1 D:2)
  2 jackals (D:2)
  2 quokkas (D:2)
  3 frilled lizards (D:1 D:2)
  5 kobolds (D:1 D:2)
  7 rats (D:1 D:2)
54 creatures vanquished.

Notes
Turn   | Place    | Note
-------+----------+-------------------------------------------
     0 | D:1      | MachJacob the Ogre Arcane Marksman began the quest for the
                  | Orb.
     0 | D:1      | Reached XP level 1. HP: 19/19 MP: 2/2
     2 | D:1      | Noticed a tengu
     4 | D:1      | Noticed an ogre
     6 | D:1      | Noticed a gargoyle
     6 | D:1      | Noticed a felid
     8 | D:1      | Noticed a vampire
    10 | D:1      | Noticed a minotaur
    10 | D:1      | Noticed a merfolk
    12 | D:1      | Noticed a demigod
    12 | D:1      | Noticed a demonspawn
    14 | D:1      | Noticed an elf
    14 | D:1      | Noticed an octopode
    16 | D:1      | Noticed a centaur
    18 | D:1      | Noticed a draconian
    18 | D:1      | Noticed a human
    20 | D:1      | Noticed a ghoul
    20 | D:1      | Noticed a spriggan
    22 | D:1      | Noticed a naga
    22 | D:1      | Noticed a troll
    24 | D:1      | Noticed a halfling
    24 | D:1      | Noticed a vine stalker
    26 | D:1      | Noticed a dwarf
    26 | D:1      | Noticed a formicid
   368 | D:1      | Reached XP level 2. HP: 27/28 MP: 2/4
   391 | D:1      | Learned a level 2 spell: Slow
  1168 | D:1      | Reached XP level 3. HP: 31/35 MP: 5/5
  2494 | D:2      | Reached XP level 4. HP: 43/44 MP: 7/7
  2635 | D:2      | Noticed Robin
  2857 | D:2      | Found a shadowy altar of Dithmenos.
  3184 | D:2      | Slain by Robin

Levels and vault maps discovered:
D:1:      kb_arrival_jail, layout_loops_ring, grunt_decor_one_mirror,
          grunt_decor_arrowhead, minmay_octomino_j4
D:2:      layout_basic, lemuel_coloured_pillars_altar,
          nemelex_xobeh_ov_fountains_minmay, uniq_robin

Skill      XL: |  1  2  3 |
---------------+----------+-----
Fighting       | 2 |  2.7
Hexes          | 3 |  3.0
Throwing       | 3 |  3.3
Spellcasting   | 2 |  2.0
Dodging        | |  1.7

Action                   |  1- 3 |  4- 6 || total
-------------------------+-------+-------++-------
Melee: Club              |    13 |       ||    13
       Unarmed           |     6 |       ||     6
       Dagger            |   204 |    91 ||   295
Throw: Large rock        |     1 |     2 ||     3
       Stone             |    23 |     9 ||    32
 Cast: Corona            |     3 |       ||     3
  Eat: Chunk             |     5 |     2 ||     7
Armor: Robe              |    70 |    14 ||    84
Dodge: Dodged            |   118 |    41 ||   159

Table legend:
 A = Non-vault XP
 B = Vault XP
 C = Vault XP percentage of total XP
 D = Non-vault monster count
 E = Vault monster count
 F = Vault count percentage of total count
                 A         B        C        D         E       F
            +---------+---------+-------+---------+---------+-------
      Total |      86 |      21 |  19.6 |      43 |      11 |  20.4
            +---------+---------+-------+---------+---------+-------
        D:1 |      36 |      15 |  29.4 |      23 |       8 |  25.8
        D:2 |      50 |       6 |  10.7 |      20 |       3 |  13.0
            +---------+---------+-------+---------+---------+-------
